AoeStats
← GreatPerson25

Four Lakes

508796510Analyzed
1v1 RM · 7d ago on Sep 24, 2026· 67m 50s· 2 players
Game mode
Random Map
Map size
Tiny (2 player)
Population
200
Speed
Normal
Resources
Standard
Victory
Conquest
Starting age
Dark Age
Ending age
Imperial Age
RankedLock teamsTeams togetherTeam positionsShared explorationLock speedFull tech treeHidden civsTurbo modeCheats
Victory
Defeat
🇺🇸 Persians · United States
1556
+21
🇺🇸 Persians · United States
1670
-21
SuchaN3rd
9:59 Feudal Age
12:05 Double-Bit Axe
12:25 Fishing Lines
15:16 Loom
18:01 Castle Age
17:34 Gold Mining
18:40 Medium Warships
18:23 Gillnets
19:03 Bow Saw
21:24 Horse Collar
22:22 Wheelbarrow
22:45 Bloodlines
23:50 Scale Barding Armor
23:56 Forging
25:33 Chain Barding Armor
26:36 Town Watch
27:41 Iron Casting
28:52 Stone Mining
31:15 Husbandry
32:03 Hand Cart
31:57 Fletching
35:01 Imperial Age
32:38 Bodkin Arrow
32:14 Elite Skirmisher
33:38 Padded Archer Armor
34:37 Leather Archer Armor
35:28 Ballistics
34:50 Cavalier
36:11 Plate Barding Armor
38:07 Chemistry
39:48 Light Cavalry
43:00 Blast Furnace
43:24 Thumb Ring
44:26 Hussar
45:53 Ring Archer Armor
47:12 Conscription
48:19 Hoardings
48:26 Hoardings
49:01 Savar
50:55 Guilds
52:19 Pikeman
53:01 Scale Mail Armor
53:45 Masonry
53:40 Halberdier
54:26 Squires
54:12 Gambesons
54:43 Chain Mail Armor
54:38 Heavy Plow
55:55 Plate Mail Armor
55:12 Arson
59:26 Murder Holes
60:47 Architecture
66:46 Crop Rotation
GreatPerson25
4:39 Loom
12:37 Feudal Age
13:22 Fishing Lines
13:35 Double-Bit Axe
18:10 Castle Age
16:05 Gold Mining
19:00 Medium Warships
19:38 Town Watch
20:09 Bow Saw
21:22 Gillnets
22:31 Forging
25:42 Imperial Age
24:56 Iron Casting
26:44 Wheelbarrow
27:14 Blast Furnace
26:31 Pikeman
27:22 Halberdier
32:35 Fletching
33:06 Ballistics
34:29 Conscription
37:03 Chemistry
36:12 Stone Mining
36:43 Squires
36:28 Arson
36:44 Scale Mail Armor
37:26 Padded Archer Armor
37:42 Chain Mail Armor
37:02 Heavy Camel Rider
38:30 Bloodlines
38:51 Horse Collar
39:48 Wheelbarrow
41:16 Scale Barding Armor
43:46 Chain Barding Armor
43:24 Light Cavalry
45:14 Cavalier
46:34 Plate Barding Armor
50:12 Murder Holes
50:28 Masonry
53:51 Husbandry
55:14 Hand Cart
54:58 Capped Ram
55:36 Bodkin Arrow
56:42 Hoardings
58:01 Heavy Plow
63:42 Town Patrol
66:50 Plate Mail Armor
68:27 Citadels
Connection lost

Rejoining the realm…

Still unreachable

The connection could not be restored.

Session expired

The server has moved on; the page needs a fresh start.